 Dungeon Crawl Stone Soup version 0.14.0-7-g2801ba0 (webtiles) character file.

309 Ragg the Chopper (level 5, 37/45 HPs)
             Began as a Minotaur Fighter on Apr 13, 2014.
             Quit the game on Level 2 of the Dungeon.
             The game lasted 00:05:49 (1735 turns).

Ragg the Chopper (Minotaur Fighter)                 Turns: 1735, Time: 00:05:49

HP  37/45        AC  7     Str 20      XL: 5   Next:  5%
MP   2/2         EV 10     Int  6      God:
Gold 165         SH  0     Dex 10      Spells:  0 memorised,  4 levels left

rFire  . . .     SeeInvis .     a - +0 war axe
rCold  . . .     Clarity  .     o - +0 ring mail
rNeg   . . .     Conserve .     (no shield)
rPois  .         rCorr    .     (helmet restricted)
rElec  .         rRot     .     (no cloak)
SustAb . .       Spirit   .     u - +1 pair of gloves
rMut   .         Warding  .     (no boots)
Saprov . . .     Stasis   .     (no amulet)
MR     .....                    (no ring)
                                r - ring of flight

@: not resistant to hostile enchantments, extremely unstealthy
A: retaliatory headbutt, horns 2
a: Evoke Flight


You were on level 2 of the Dungeon.
You were hungry.

You visited 1 branch of the dungeon, and saw 2 of its levels.

You collected 165 gold pieces.

Inventory:

Hand weapons
 a - a +0,+0 war axe (weapon)
Missiles
 i - 18 stones (quivered)
Armour
 o - a +0 ring mail (worn)
 u - a +1 pair of gloves (worn)
Comestibles
 d - 2 bread rations
 h - a snozzcumber
 p - an apple
 t - a pear
 v - 2 chunks of worm flesh
Scrolls
 c - a scroll of teleportation {unknown}
 f - 2 scrolls of noise {unknown}
 g - a scroll of magic mapping {unknown}
 j - a scroll of enchant weapon II {unknown}
 k - 2 scrolls of remove curse {unknown}
 m - a scroll of enchant weapon I {unknown}
 n - 2 scrolls of identify {unknown}
Jewellery
 r - a ring of flight (left hand)
Potions
 b - a potion of poison {unknown}
 e - a potion of might
 l - a potion of flight {unknown}
 q - a potion of restore abilities {unknown}
 s - a potion of curing {unknown}


   Skills:
 - Level 3.6 Fighting
 + Level 6.4 Axes
 - Level 3.6 Armour
   Level 3.6 Shields


You had 4 spell levels left.
You didn't know any spells.

Dungeon Overview and Level Annotations

Branches:
Dungeon (2/15)

Altars:
Yredelemnul


Innate Abilities, Weirdness & Mutations

You reflexively headbutt those who attack you in melee.
You have a pair of horns on your head.


Message History

The worm is lightly wounded.
You hit the withered plant but do no damage.
You slash the worm! You headbutt the worm!
The worm is almost dead.
The worm bites you!
You barely miss the worm. You headbutt the worm.
You kill the worm!
You hit the withered plant.
The withered plant is lightly damaged.
No target in view!
No target in view!
No target in view!
You see here a worm corpse.
You start butchering the worm corpse.
You continue butchering the corpse.
You continue butchering the corpse. x2
You finish butchering the worm corpse.
v - 2 chunks of worm flesh
There is a basalt altar of Yredelemnul here.
You kneel at the altar of Yredelemnul.
Are you sure you want to abandon this character and quit the game? (Confirm with "yes".)

#.# #.# #### #.#
...# #.# ##.# #.#
#.# ####### #.# #.#
#.....# #.## # ##.#
#.P.P.# ##..### #
...# #..@..#
##..#..# # ##.#
#.P.P.#####..###.###
##.###
#...........## ##...
.....#
#####.######.###.###
##.#.# ######.####
#..#..# ##.#.#
#.......>.# ##..###
...#.# #.####.##.#
##+## ####.# #.#
##.##.###...## ###.#
#.###..##.##.....##


There were no monsters in sight!

Vanquished Creatures
  3 adders (D:2)
  6 gnolls (D:2)
  2 worms (D:2)
  A giant gecko (D:1)
  A ball python (D:2)
  5 bats
  A giant cockroach (D:2)
  5 hobgoblins
  4 kobolds
  11 goblins
  9 rats
48 creatures vanquished.

Notes
Turn   | Place    | Note
--------------------------------------------------------------
     0 | D:1      | Ragg, the Minotaur Fighter, began the quest for the Orb.
     0 | D:1      | Reached XP level 1. HP: 19/19 MP: 1/1
   198 | D:1      | Reached XP level 2. HP: 26/26 MP: 1/1
   645 | D:1      | Reached skill level 4 in Axes
   902 | D:2      | Reached XP level 3. HP: 20/31 MP: 2/2
  1058 | D:2      | Reached skill level 5 in Axes
  1120 | D:2      | Reached XP level 4. HP: 37/39 MP: 2/2
  1420 | D:2      | Reached skill level 6 in Axes
  1577 | D:2      | Reached XP level 5. HP: 36/45 MP: 2/2
  1722 | D:2      | Found a basalt altar of Yredelemnul.
  1735 | D:2      | Quit the game

Action                   |  1- 3 |  4- 6 || total
-------------------------+-------+-------++-------
Melee: War axe           |    54 |    41 ||    95
